 Dungeon Crawl Stone Soup version 0.30-a0-422-g946f4849ff (webtiles) character file.

Game seed: 16494346673883749131

5096 Zonian the Nimble (level 10, 0/60 HPs)
             Began as a Djinni Ice Elementalist on Dec 9, 2022.
             Was a Believer of Ashenzari.
             Slain by a vampire (11 damage)
             ... on level 9 of the Dungeon.
             The game lasted 00:32:15 (16359 turns).

Zonian the Nimble (Djinni Ice Elementalist)        Turns: 16359, Time: 00:32:15

Health: 0/60       AC:  5    Str: 13    XL:     10   Next: 87%
Gold:   604        EV: 16    Int: 21    God:    Ashenzari [**....] SH:  0 Dex: 14

rFire   + + +      SeeInvis +    K - +0 short sword (venom)
rCold   . . .      Faith    .    (no shield)
rNeg    . . .      Spirit   .    a - +0 robe of the Cursed Dogma {Range, Fort} (curse)
rPois   ∞          Reflect  .    g - +2 helmet of Supernal Understanding {Melee, Evo} (curse)
rElec   .          Harm     .    h - scarf "Pangnostic Burden" {rC+ rF+, Fort, Melee} (curse)
rCorr   .          Rampage  .    (no gloves)
Will    +....                    (boots unavailable)
Stlth   ++++......               (no amulet)
HPRegen 0.30/turn                B - +6 ring of strength
MPRegen 0.00/turn                F - ring of wizardry

@: flying
A: sickness immunity, fire resistance 2, cold vulnerability 1, float, innate
caster, HP casting, extra vitality 1
a: Renounce Religion, Curse Item, Shatter the Chains


You were on level 9 of the Dungeon.
You worshipped Ashenzari.
Ashenzari was pleased with you.
You visited 2 branches of the dungeon, and saw 10 of its levels.
You also visited: Ossuary.

You collected 604 gold pieces.

Inventory:

Hand Weapons
 b - a +0 dagger of draining
 d - a +0 hand axe of flaming
 i - a +3 mace
 k - a +2 shortbow of flaming
 m - a +0 hand axe
 w - a +0 hand axe
 y - a +0 rapier
 D - a +1 morningstar of flaming
 J - a +3 vorpal war axe
 K - a +0 short sword of venom (weapon)
Missiles
 j - 27 poisoned darts
 t - 2 throwing nets
 C - 2 curare-tipped darts
 G - 12 boomerangs of dispersal
Armour
 a - the cursed +0 robe of the Cursed Dogma (worn) {Range, Fort}

   It has a curse which improves the following skills: Ranged Combat: Ranged
   Weapons and Throwing.
   Fortitude: Armour and Shields.
 g - the cursed +2 helmet of Supernal Understanding (worn) {Melee, Evo}
   (You found it on level 1 of the Dungeon)

   It has a curse which improves the following skills: Melee Combat: Short
   Blades, Long Blades, Axes, Maces & Flails, Polearms, Staves and Unarmed
   Combat.
   Evocations: Evocations.
 h - the cursed scarf "Pangnostic Burden" (worn) {rC+ rF+, Fort, Melee}
   (You found it on level 1 of the Dungeon)

   It has a curse which improves the following skills: Fortitude: Armour and
   Shields.
   Melee Combat: Short Blades, Long Blades, Axes, Maces & Flails, Polearms,
   Staves and Unarmed Combat.
 x - the +1 helmet of the Moon {-Tele rF+ Dex+3}
   (You found it on level 4 of the Dungeon)

   Dex:       It affects your dexterity (+3).
   rF:        It protects you from fire.
   -Tele:     It prevents most forms of teleportation.
Jewellery
 c - a ring of positive energy
 s - a ring of resist corrosion
 B - a +6 ring of strength (left hand)
 F - a ring of wizardry (right hand)
 H - a ring of protection from cold
Scrolls
 A - a scroll of fear
 E - a scroll of enchant armour
Potions
 e - 3 potions of might
 f - 4 potions of flight
 l - a potion of invisibility
 n - 3 potions of heal wounds
 o - 3 potions of attraction
 p - 3 potions of haste
 q - 2 potions of brilliance
 r - 3 potions of mutation
 v - a potion of ambrosia
 z - 2 potions of degeneration
 I - a potion of cancellation


   Skills:
 + Level 0.0(0.2) Short Blades
 - Level 9.9 Dodging
 - Level 8.3 Stealth
 + Level 7.6 Spellcasting


You had 3 spell levels left.
You knew the following spells:

 Your Spells              Type           Power      Damage    Failure   Level
a - Freeze                Ice            100%       1d10      1%          1
b - Frozen Ramparts       Ice            80%        1d13      1%          3
c - Ozocubu's Armour      Ice            40%        N/A       1%          3
d - Summon Ice Beast      Ice/Summ       40%        N/A       1%          4
e - Magic Dart            Conj           100%       1d8       1%          1
f - Ensorcelled Hibernat  Hex/Ice        80%        N/A       1%          2
g - Swiftness             Air            40%        N/A       1%          3
h - Iskenderun's Mystic   Conj/Tloc      40%        2d9       1%          4
Your spell library was empty.

Dungeon Overview and Level Annotations

Branches:
Dungeon (9/15)             Temple (1/1) D:7            Lair (0/5) D:9
Ossuary (visited)
    Orc: D:9-12

Altars:
Ashenzari
Cheibriados
Elyvilon
Fedhas
Hepliaklqana
Uskayaw
Wu Jian
Xom
The Shining One

Shops:
D:2 :

Annotations:
D:5 2 transporters, Bediveer's ghost, amateur OpTm


Innate Abilities, Weirdness & Mutations

You are immune to sickness and miasma.
You are immune to poison.
Your flesh is very heat resistant. (rF++)
You are vulnerable to cold. (rC-)
You float through the air rather than walking.
You learn spells naturally, not from books.
Your magical power is your life essence.
You have superior vitality. (+4 MHP)


Message History

You feel better.
The vampire hits you but does no damage.
The vampire bites you!
Unknown command.
The vampire casts a spell.
The vampire flickers and vanishes for a moment.
Unknown command.
Casting: Magic Dart (safe; 1% risk of failure)
Confirm with . or Enter, or press ? or * to list all spells.
A chill wind blows around you.
Unknown command.
The vampire closely misses you.
The vampire bites you but does no damage.
Unknown command.
You hit the vampire but do no damage.
The vampire is moderately damaged.
The vampire gestures at you while chanting.
You easily resist.
You hit the vampire but do no damage.
The vampire is moderately damaged.
The vampire hits you but does no damage.
The vampire bites you!
You hit the vampire but do no damage.
The vampire is moderately damaged.
The vampire hits you! The vampire closely misses you.
You hit the vampire but do no damage.
The vampire is moderately damaged.
The vampire hits you. The vampire barely misses you.
You hit the vampire.
The vampire is moderately damaged.
The vampire misses you. The vampire closely misses you.
You closely miss the vampire.
The vampire is moderately damaged.
The vampire hits you!
* * * LOW HITPOINT WARNING * * *
The vampire closely misses you.
You barely miss the vampire.
The vampire is moderately damaged.
The vampire hits you!
You die...

#.., , ,
...... #.# *
* #.#### #.#
# #.# #.####
#.# #.....
#######.#
####.#
#.......####
#,
#.....Y.V..#
,
#...###@##.#
#..## #.# .#
#.)# #.# .#
* #..#
#..,.#
###..# ###
.. , #....#
* ##* * , *
#.##.# * *,*
#.##.# ,* ,
** #>##.#
***, * *, *


You could see a vampire (invisible) and a friendly ice beast (summoned).

Vanquished Creatures
  Pikel (D:8)
  A hornet (D:8)
  A shadow (D:9)
  4 yaks (D:8)
  5 humans (D:9)
  3 water moccasins
  An orc warrior (D:9)
  A sky beast (D:8)
  A black bear (D:8)
  2 ogres
  4 centaurs
  2 lemures (D:7)
  5 phantoms
  3 kobold brigands
  A bullfrog (D:5)
  3 scorpions
  A necrophage (D:6)
  3 wights (D:9)
  2 howler monkeys
  A centaur zombie (Ossuary)
  A jelly (D:5)
  5 orc priests
  2 hounds
  2 iguanas (D:6)
  3 orc wizards
  An ogre zombie (Ossuary)
  3 mummies
  8 adders
  A white imp (D:5)
  3 ufetubi
  3 adder zombies (Ossuary)
  3 worms
  3 dart slugs
  29 orcs
  7 ball pythons
  8 bats
  3 endoplasms
  A giant cockroach (D:2)
  7 goblins
  8 hobgoblins
  2 jackals (D:4)
  2 quokkas
  6 frilled lizards
  4 goblin zombies (Ossuary)
  6 hobgoblin zombies
  29 kobolds
  A kobold zombie (Ossuary)
  5 quokka zombies (Ossuary)
  2 rats
  6 rat zombies (Ossuary)
209 creatures vanquished.

Vanquished Creatures (collateral kills)
  2 lemures (D:7)
  A human zombie (Ossuary)
  3 ogre zombies (Ossuary)
  5 mummies (Ossuary)
  A rat zombie (Ossuary)
12 creatures vanquished.

Vanquished Creatures (others)
  A wight (D:4)
1 creature vanquished.

Grand Total: 222 creatures vanquished

Notes
Turn   | Place    | Note
-------+----------+-------------------------------------------
     0 | D:1      | Zonian the Djinni Ice Elementalist began the quest for the
                  | Orb.
     0 | D:1      | Zonian set off with the following spells memorised: Freeze,
                  | Frozen Ramparts, Ozocubu's Armour, Summon Ice Beast.
     0 | D:1      | Reached XP level 1. HP: 15/15 MP: 0/0
   190 | D:1      | Reached XP level 2. HP: 17/21 MP: 0/0
   698 | D:1      | Reached XP level 3. HP: 24/25 MP: 0/0
   698 | D:1      | Learned a level 1 spell: Magic Dart
  1609 | D:2      | Found Zuapef's Book Shoppe.
  1633 | D:2      | Reached skill level 3 in Dodging
  2072 | D:3      | Reached XP level 4. HP: 29/31 MP: 0/0
  2330 | D:3      | Found a hazy altar of Hepliaklqana.
  3626 | D:4      | Reached XP level 5. HP: 29/35 MP: 0/0
  3626 | D:4      | Learned a level 2 spell: Ensorcelled Hibernation
  4034 | D:4      | Identified the +1 helmet of the Moon {-Tele rF+ Dex+3}
  4765 | D:5      | Entered Level 5 of the Dungeon
  4836 | D:5      | Found a transporter.
  4840 | D:5      | Found a transporter.
  4843 | D:5      | Noticed Bediveer's ghost (amateur OpTm)
  4850 | D:5      | Found a blossoming altar of Fedhas.
  4880 | D:5      | Reached skill level 4 in Dodging
  4880 | D:5      | Reached XP level 6. HP: 24/40 MP: 0/0
  5186 | D:5      | HP: 2/40 [white imp/puff of frost (13)]
  6025 | D:5      | Reached XP level 7. HP: 16/45 MP: 0/0
  6025 | D:5      | Learned a level 3 spell: Swiftness
  6655 | D:5      | Found a glowing golden altar of the Shining One.
  6687 | D:5      | Reached skill level 5 in Dodging
  6727 | D:5      | Found a white marble altar of Elyvilon.
  7612 | D:6      | Noticed a water moccasin
  7915 | D:6      | Reached XP level 8. HP: 31/50 MP: 0/0
  7996 | D:6      | Reached skill level 5 in Spellcasting
  8074 | D:6      | Reached skill level 6 in Dodging
  8074 | D:6      | Reached skill level 5 in Stealth
  8447 | D:6      | HP: 2/50 [centaur/arrow (6)]
  8975 | D:7      | Found an ornate altar of the Wu Jian Council.
  9166 | D:7      | Found a staircase to the Ecumenical Temple.
  9174 | Temple   | Entered the Ecumenical Temple
  9179 | Temple   | Became a worshipper of Ashenzari the Shackled
  9461 | D:7      | Reached XP level 9. HP: 37/55 MP: 0/0
  9461 | D:7      | Learned a level 4 spell: Iskenderun's Mystic Blast
  9808 | D:7      | Reached skill level 7 in Dodging
 10627 | D:8      | Noticed a hornet
 10687 | D:8      | Found a sand-covered staircase.
 10695 | Ossuary  | Entered an ossuary
 10705 | Ossuary  | Reached * piety under Ashenzari
 12806 | D:8      | Identified a scroll of acquirement
 12823 | D:8      | Reached skill level 8 in Dodging
 13008 | D:8      | Acquired a ring of wizardry
 13066 | D:8      | Noticed Pikel
 13561 | D:8      | Killed Pikel
 13918 | D:8      | Identified the +0 pair of boots of the Stars {rElec rPois
                  | rF- Int+6}
 13953 | D:8      | Reached XP level 10. HP: 29/60 MP: 0/0
 13953 | D:8      | Reached ** piety under Ashenzari
 14580 | D:8      | Found a shimmering altar of Xom.
 14683 | D:8      | Reached skill level 9 in Dodging
 16359 | D:9      | Slain by a vampire

Illustrated notes

Levels and vault maps discovered:
D:1:      minmay_arrival_open_corners, layout_basic
D:2:      layout_loops_ring, serial_shops, nicolae_shop_stone,
          kennysheep_generic_room_4
D:3:      layout_basic, nicolae_hepliaklqana_hazy_memory, minmay_diced_spiral
D:4:      layout_rooms
D:5:      layout_basic, mainiacjoe_overflow_large_starburst,
          mainiacjoe_overflow_surrounded_room, gammafunk_ghost_hive
D:6:      layout_basic, chequers_serial_rivers_small_3
D:7:      layout_loops_cross, mainiacjoe_overflow_alcove_1,
          minmay_temple_entry_arrows, nicolae_figureground_sparkle
D:8:      layout_cave_pools, pf_just_have_faith, nicolae_ossuary_entry_giza,
          minmay_unpleasant_kobolds, uniq_pikel
D:9:      layout_loops_ring, mainiacjoe_overflow_brackets, lair_entry_dummy,
          special_room [special_room_orc], minmay_ruffians
Temple:   nicolae_temple_bog_church

Skill      XL: |  1  2  3  4  5  6  7  8  9 10 |
---------------+-------------------------------+-----
Stealth        | 2 3 4 5 7 8 |  8.3
Dodging        | 3 4 5 6 8 9 |  9.9
Spellcasting   | 4 5 6 7 |  7.6

Action                   |  1- 3 |  4- 6 |  7- 9 | 10-12 || total
-------------------------+-------+-------+-------+-------++-------
Melee: Dagger            |    25 |    21 |   266 |   115 ||   427
       Punch             |     1 |     1 |     4 |     2 ||     8
       Unarmed           |     1 |       |       |       ||     1
       Short sword       |       |       |       |    10 ||    10
 Cast: Freeze            |    41 |    11 |    14 |     3 ||    69
       Magic Dart        |    11 |   148 |   221 |    85 ||   465
       Frozen Ramparts   |       |     2 |     7 |    16 ||    25
       Ozocubu's Armour  |       |       |     1 |     7 ||     8
       Summon Ice Beast  |       |       |     8 |     2 ||    10
       Ensorcelled Hiber |       |       |     4 |     2 ||     6
       Iskenderun's Myst |       |       |     1 |       ||     1
Invok: Curse Item        |       |       |     2 |     1 ||     3
Evoke: Wand              |       |     8 |     1 |       ||     9
  Use: Scroll            |       |    12 |     8 |       ||    20
       Potion            |       |     3 |     6 |     2 ||    11
 Stab: Sleeping          |       |       |    10 |     2 ||    12
       Distracted        |       |       |       |     1 ||     1
Armor: Robe              |    21 |     8 |   100 |    42 ||   171
Dodge: Dodged            |    41 |    59 |   274 |   128 ||   502

Table legend: (Time is in decaauts)
 A = Elapsed time spent in this place.
 B = Non-inter-level travel time spent in this place.
 C = Inter-level travel time spent in this place.
 D = Time resting spent in this place.
 E = Time spent auto-exploring this place.
 F = Levels seen in this place.
 G = Mean time per level.
                   A        B        C        D        E       F      G
               +--------+--------+--------+--------+--------+-----+--------+
         Total |  16358 |  15961 |    397 |   7709 |   5334 |  11 | 1487.1 |
       Dungeon |  14533 |  14141 |    392 |   6593 |   5153 |   9 | 1614.8 |
        Temple |     10 |      5 |      5 |      0 |      0 |   1 |   10.0 |
       Ossuary |   1813 |   1813 |      0 |   1116 |    181 |   1 | 1813.0 |
               +--------+--------+--------+--------+--------+-----+--------+

Top non-repeatable levels by time:
     D:5: 2392 daAuts
     D:7: 2226 daAuts
     D:3: 2157 daAuts
 Ossuary: 1813 daAuts
     D:8: 1748 daAuts
     D:6: 1729 daAuts
     D:9: 1477 daAuts
     D:1: 1202 daAuts
     D:4: 836 daAuts
     D:2: 762 daAuts
  Temple: 10 daAuts
